[Event "1st Festival Galdar 2024"]
[Site "Galdar"]
[Date "2024.09.05"]
[Round "5.1"]
[White "Beerdsen, Thomas"]
[Black "Cuenca Jimenez, Jose Fernando"]
[Result "1/2-1/2"]
[Annotator "RC"]
[ECO "C92"]
[WhiteElo "2509"]
[BlackElo "2466"]
[PlyCount "30"]
[EventDate "2024.09.02"]
[EventType "swiss"]
[EventCountry "ESP"]
[SourceTitle "playchess.com"]
[Source "ChessBase"]
[SourceQuality "1"]
[TimeControl "5400+30"]

1. e4 e5 2. Nf3 Nc6 3. Bb5 a6 4. Ba4 Nf6 5. O-O Be7 6. Re1 b5 7. Bb3 d6 8. c3 O-O 9. h3 Bb7 10. d4 Re8 11. Ng5 Rf8 12. Nf3 Re8 13. a4 h6 14. Nbd2 exd4 15. cxd4 Nb4 1/2-1/2

[Event "1st Festival Galdar 2024"]
[Site "Galdar"]
[Date "2024.09.05"]
[Round "5.2"]
[White "Sumets, Andrey"]
[Black "Lopez Martinez, Josep Manuel"]
[Result "1/2-1/2"]
[Annotator "TA"]
[ECO "D35"]
[WhiteElo "2517"]
[BlackElo "2448"]
[PlyCount "37"]
[EventDate "2024.09.02"]
[EventType "swiss"]
[EventCountry "ESP"]
[SourceTitle "playchess.com"]
[Source "ChessBase"]
[SourceQuality "1"]
[TimeControl "5400+30"]

1. d4 Nf6 2. c4 e6 3. Nf3 d5 4. Nc3 Nbd7 5. cxd5 exd5 6. Bf4 c6 7. e3 Nh5 8. Bg5 Be7 9. Bxe7 Qxe7 10. Qc2 Nhf6 11. Bd3 Nb6 12. h3 g6 13. O-O O-O 14. a3 a5 15. Rfe1 Be6 16. Ne5 Rfc8 17. Rac1 Nfd7 18. Nxd7 Nxd7 19. Na4 {[%emt 0:01:01] An uneventful encounter.   Weighted Error Value: White=0.06 (flawless) /Black=0.09 (flawless) .  Inaccurate:     	---       	Black=1      OK:         	White=4     	Black=1} 1/2-1/2

[Event "1st Festival Galdar 2024"]
[Site "Galdar"]
[Date "2024.09.05"]
[Round "5.3"]
[White "Kurajica, Bojan"]
[Black "Stefansson, Vignir Vatnar"]
[Result "0-1"]
[Annotator "TA"]
[ECO "A81"]
[WhiteElo "2409"]
[BlackElo "2531"]
[PlyCount "92"]
[EventDate "2024.09.02"]
[EventType "swiss"]
[EventCountry "ESP"]
[SourceTitle "playchess.com"]
[Source "ChessBase"]
[SourceQuality "1"]
[TimeControl "5400+30"]

1. d4 f5 2. g3 Nf6 3. Bg2 g6 4. Nc3 Bg7 5. Bg5 O-O 6. Qd2 d6 7. O-O-O c6 8. h4 {[%emt 0:11:39] White is slightly better.} Nbd7 9. Nh3 {[%emt 0:04:21] With the idea Nf4.} Qe8 10. Bh6 d5 11. Bxg7 Kxg7 12. f3 (12. h5 $14) 12... e5 $11 13. dxe5 Qxe5 14. Nf4 Re8 (14... Nb6 $5) 15. Rde1 ({White should try} 15. e4 $1 $11 fxe4 16. fxe4 dxe4 17. Nxe4 Nxe4 18. Bxe4) 15... Nb6 16. b3 $1 {[%emt 0:00:57] Against Nc4} d4 17. Nd1 a5 18. a4 c5 {[%emt 0:04:10] Threatens to win with ...c4.} (18... Nbd5 {simplifies} 19. Nxd5 Qxd5 20. e3 dxe3 21. Rxe3 Qxd2+ 22. Kxd2 Rd8+) 19. c4 $2 {[%emt 0:03:03] Black continues to play with concentration.} (19. h5 $1 $11) 19... dxc3 $1 $17 20. Qxc3 {[%emt 0:00:05] [#]} c4 $1 21. bxc4 Bd7 $1 {[%emt 0:01:23] Black is more active.} (21... Nxa4 22. Qxe5 Rxe5 23. Kb1) 22. Qxe5 Rxe5 23. Nb2 Rc8 ({Don't play} 23... Bxa4 $6 24. Nfd3 Re7 25. c5 $17) (23... Nxa4 24. Nbd3 Re7 25. e4 $17) 24. Nfd3 Re7 25. c5 Nxa4 ({Worse is} 25... Bxa4 26. Kb1 $11) 26. Nxa4 Bxa4 27. Kd2 Bb5 28. Rc1 (28. g4 $17) 28... Nd7 29. Rc3 Bxd3 30. exd3 Nxc5 (30... Rxc5 31. Rb1 $11) 31. d4 Rd7 32. Ke3 {[%emt 0:00:07] [#]} Re8+ $1 33. Kf2 Ne6 34. Ra1 (34. Re1 $17 {keeps fighting.}) 34... Nxd4 $19 35. Rxa5 Re2+ 36. Kf1 $2 (36. Kg1) 36... Rb2 (36... Rde7 $142 {( -> ...Re1+)} 37. Ra1 Rd2) 37. Rd3 {[%emt 0:01:10] [#]} Rc7 $1 38. Ra1 {[%emt 0:00:28] Prevents Rc1+} (38. Re5 $142 Rcc2 (38... Rc1+ 39. Re1 $17) 39. Rxd4) 38... Rcc2 {[%emt 0:00:40] Black is clearly winning.} 39. Bh1 Ne2 40. f4 b5 41. Re3 b4 42. Bd5 (42. h5 $142) 42... Kh6 {[%emt 0:01:02] And now ...Nc3 would win.} 43. Re1 (43. Rb3 $142) 43... Nc3 44. Bf3 Ne4 45. Be2 b3 {[%emt 0:01:13] Hoping for ...Ra2.} 46. g4 {[%emt 0:00:20] [#]} Rxe2 $1 {[%emt 0:00:51][%mdl 512] Weighted Error Value: White=0.70/Black=0.22 (precise) .  Mistake:       	White=9     	Black=1      Inaccurate:     	---       	Black=1      OK:         	White=9     	Black=12     Best:        	White=2     	Black=3      Strong:       	White=1     	Black=4} 0-1

[Event "1st Festival Galdar 2024"]
[Site "Galdar"]
[Date "2024.09.05"]
[Round "5.4"]
[White "Movsziszian, Karen"]
[Black "Mamani Beltran, Deniman"]
[Result "1-0"]
[Annotator "TA"]
[ECO "C00"]
[WhiteElo "2444"]
[BlackElo "2229"]
[PlyCount "101"]
[EventDate "2024.09.02"]
[EventType "swiss"]
[EventCountry "ESP"]
[SourceTitle "playchess.com"]
[Source "ChessBase"]
[SourceQuality "1"]
[TimeControl "5400+30"]

1. g3 Nf6 2. Bg2 d5 3. Nf3 e6 4. O-O Be7 5. d3 O-O 6. Nbd2 c5 7. e4 Nc6 8. Re1 dxe4 9. dxe4 e5 10. c3 a6 11. a4 (11. Nc4 $14) 11... Qc7 12. Qe2 Na5 {[%emt 0:05:17] The position is equal.} 13. Bf1 (13. Nc4 $11 Nxc4 14. Qxc4) 13... Bd7 (13... Be6 $15) 14. b3 Rfb8 15. Bb2 Be6 {[%emt 0:01:44] [#]} (15... Re8 $11) 16. b4 $1 $14 Nc6 17. b5 Na5 18. c4 Nd7 19. Bc3 b6 20. h4 f6 21. Nh2 Nb7 22. Ng4 Ra7 23. Ne3 Rba8 24. Kh2 Nf8 25. Bh3 Bf7 (25... Qd7 $11 26. Bf1 axb5) 26. h5 (26. Nd5 $16 Bxd5 27. exd5) 26... Ne6 27. Nd5 Qd8 28. Reb1 ({White should try} 28. Bxe6 $14 Bxe6 29. h6) 28... Nd4 $11 29. Qd1 a5 30. Bg4 Qd6 ({Better is} 30... Nd6 $11) 31. Qf1 Nd8 32. Qg2 (32. Bxd4 {seems wilder.} cxd4 33. c5 bxc5 34. Nc4) 32... N8e6 33. Rf1 Bd8 34. Rae1 Nc2 35. Rc1 Ncd4 36. Kh1 Bc7 {[%emt 0:04:09] [#]} 37. h6 $1 Bd8 (37... Re8 38. f4) 38. hxg7 h5 39. Bh3 {[%emt 0:02:39] White is much more active.} Kxg7 ({Black should play} 39... Ne2) 40. f4 $36 {[%emt 0:00:12][%mdl 2048] White is in control.} Be7 41. Rf2 Rg8 42. Rcf1 {[%emt 0:00:36] And now fxe5 would win.} Kh8 (42... Be8 {was worth a try.} 43. Bf5 Bf7) 43. Qh2 $18 Bd8 44. fxe5 Qxe5 45. Nxf6 Rg7 46. Nf3 {[%emt 0:03:29] Prevents Ng5} Qxg3 47. Bxe6 $2 (47. Nxh5 $18 {and the rest is easy.} Bxh5 (47... Qxh2+ $2 48. Rxh2 Bxh5 49. Bxe6 $18) 48. Bxe6) 47... Bxf6 $4 {[%emt 0:01:11][%mdl 8192] Black cannot hold the game after this.} (47... Qxh2+ $16 48. Rxh2 Bxf6) 48. Qxg3 Rxg3 49. Bxd4 cxd4 {[%emt 0:00:43] [#]} 50. Bxf7 Rxf7 51. Nh2 {[%emt 0:01:03] Weighted Error Value: White=0.27 (precise) /Black=0.40.  Loses game:     	---       	Black=1      Missed win:     	White=1     	---        Mistake:       	White=4     	Black=6      Inaccurate:     	White=2     	Black=7      OK:         	White=14    	Black=10     Best:        	White=2     	---        Brilliant:      	White=1     	---} 1-0

[Event "1st Festival Galdar 2024"]
[Site "Galdar"]
[Date "2024.09.05"]
[Round "5.5"]
[White "Del Rio De Angelis, Salvador G."]
[Black "Koelle, Tobias"]
[Result "1/2-1/2"]
[Annotator "RC"]
[ECO "E48"]
[WhiteElo "2376"]
[BlackElo "2433"]
[PlyCount "35"]
[EventDate "2024.09.02"]
[EventType "swiss"]
[EventCountry "ESP"]
[SourceTitle "playchess.com"]
[Source "ChessBase"]
[SourceQuality "1"]
[TimeControl "5400+30"]

1. d4 Nf6 2. c4 e6 3. Nc3 Bb4 4. e3 O-O 5. Bd3 d5 6. cxd5 exd5 7. Nge2 Re8 8. O-O Bd6 9. b3 c6 10. Qc2 Nbd7 11. Ng3 Nf8 12. f3 Ne6 13. Qf2 c5 14. Nce2 cxd4 15. exd4 Qc7 16. Bd2 Nf4 17. Nxf4 Bxf4 18. Rac1 1/2-1/2

[Event "1st Festival Galdar 2024"]
[Site "Galdar"]
[Date "2024.09.05"]
[Round "5.7"]
[White "Domalchuk-Jonasson, Aleksandr"]
[Black "Arizmendi Martinez, Julen Luis"]
[Result "1/2-1/2"]
[Annotator "TA"]
[ECO "E06"]
[WhiteElo "2366"]
[BlackElo "2517"]
[PlyCount "65"]
[EventDate "2024.09.02"]
[EventType "swiss"]
[EventCountry "ESP"]
[SourceTitle "playchess.com"]
[Source "ChessBase"]
[SourceQuality "1"]
[TimeControl "5400+30"]

1. d4 d5 2. c4 e6 3. Nf3 Nf6 4. g3 Be7 5. Bg2 O-O 6. O-O c6 7. Qc2 b6 8. Nbd2 Bb7 9. e4 Na6 10. a3 c5 11. e5 Ne4 12. dxc5 Naxc5 13. b4 Nxd2 14. Nxd2 {[%emt 0:01:24] [#] aiming for cxd5.} Nd7 15. cxd5 Bxd5 16. Bxd5 exd5 17. Bb2 a5 18. Qb3 (18. Qf5 {looks sharper.} axb4 19. axb4 Rxa1 20. Rxa1 Bxb4 21. e6) 18... b5 19. Qxd5 {[%emt 0:46:05] [#] And now Ne4 would win.} Nb6 (19... Nc5 $5 20. Qxd8 Rfxd8 $15) 20. Qd4 (20. Qxb5 $2 Qxd2 21. Bc1 Qd8 22. bxa5 Nc8 $19) 20... axb4 21. axb4 Na4 22. Ne4 Rc8 23. Rac1 {[%emt 0:07:58] Prevents Rc4.} Nxb2 24. Qxb2 Qd5 25. f3 Rfd8 26. Kg2 h6 27. h4 (27. Rfd1 {keeps more tension.} Qxd1 28. Rxd1 Rxd1 29. e6) 27... Rc4 28. Rxc4 (28. Rfd1 {is interesting.} Qxd1 29. Rxd1 Rxd1 30. Qa2) 28... Qxc4 29. Rc1 Qxb4 30. Qxb4 Bxb4 31. Rb1 Rd4 32. Nd6 Bxd6 33. exd6 {[%emt 0:00:04] Weighted Error Value: White=0.13 (very precise) /Black=0.11 (very precise) .  Inaccurate:     	White=5     	Black=6      OK:         	White=6     	Black=8      Best:        	White=1     	Black=1} 1/2-1/2

[Event "1st Festival Galdar 2024"]
[Site "Galdar"]
[Date "2024.09.05"]
[Round "5.8"]
[White "Ragnarsson, Dagur"]
[Black "Zwirs, Nico"]
[Result "1/2-1/2"]
[Annotator "TA"]
[ECO "A07"]
[WhiteElo "2332"]
[BlackElo "2485"]
[PlyCount "65"]
[EventDate "2024.09.02"]
[EventType "swiss"]
[EventCountry "ESP"]
[SourceTitle "playchess.com"]
[Source "ChessBase"]
[SourceQuality "1"]
[TimeControl "5400+30"]

1. Nf3 d5 2. g3 c6 3. Bg2 Bg4 4. h3 Bxf3 5. Bxf3 Nd7 6. d3 Ngf6 7. O-O e5 8. e4 dxe4 9. dxe4 Bc5 10. Nd2 O-O 11. Nc4 Qe7 12. Qe2 Rfd8 13. Bg2 Nb6 14. Ne3 g6 15. Kh2 h5 16. c3 Qe6 17. b3 a5 18. Nc2 a4 19. b4 Be7 20. Na3 {[%emt 0:00:45] Prevents Qc4.} c5 21. Be3 cxb4 22. cxb4 Bxb4 23. Rab1 Bxa3 24. Rxb6 Rd6 25. Rfb1 Rc6 26. Rxb7 Bf8 27. Rb8 Rxb8 28. Rxb8 Kg7 29. Qd2 {[%emt 0:11:51] [#] Bh6+ would now be deadly.} Rc8 30. Rb6 Rc6 31. Rb8 {[%emt 0:08:45] aiming for Bh6+.} Rc8 32. Rb6 Rc6 $1 33. Rb8 {[%emt 0:01:37] Weighted Error Value: White=0.10 (very precise) /Black=0.08 (flawless) .  Inaccurate:     	White=3     	Black=4      OK:         	White=9     	Black=15     Strong:       	---       	Black=1} 1/2-1/2

[Event "1st Festival Galdar 2024"]
[Site "Galdar"]
[Date "2024.09.05"]
[Round "5.9"]
[White "Fromm, Marius"]
[Black "Fiorito, Fabian"]
[Result "1/2-1/2"]
[Annotator "TA"]
[ECO "B30"]
[WhiteElo "2477"]
[BlackElo "2285"]
[PlyCount "32"]
[EventDate "2024.09.02"]
[EventType "swiss"]
[EventCountry "ESP"]
[SourceTitle "playchess.com"]
[Source "ChessBase"]
[SourceQuality "1"]
[TimeControl "5400+30"]

1. e4 c5 2. Nf3 Nc6 3. Bb5 Nf6 4. Bxc6 dxc6 5. d3 Qc7 6. b3 e5 7. Bb2 Bd6 8. Nbd2 {[%emt 0:01:08] White has an edge.} Be6 9. Nc4 Bxc4 10. bxc4 O-O-O 11. O-O g6 12. a4 Nh5 13. Bc3 f6 14. Rb1 Nf4 15. Rb3 Qd7 16. g3 Nh3+ {[%emt 0:04:59] Weighted Error Value: White=0.12 (very precise) /Black=0.08 (flawless) .  Inaccurate:     	White=1     	Black=1      OK:         	---       	Black=3      Best:        	---       	Black=1} 1/2-1/2

[Event "1st Festival Galdar 2024"]
[Site "Galdar"]
[Date "2024.09.05"]
[Round "5.10"]
[White "Mouhamad, Joachim"]
[Black "Rakotomaharo, Fy Antenaina"]
[Result "0-1"]
[Annotator "TA"]
[ECO "C60"]
[WhiteElo "2260"]
[BlackElo "2440"]
[PlyCount "54"]
[EventDate "2024.09.02"]
[EventType "swiss"]
[EventCountry "ESP"]
[SourceTitle "playchess.com"]
[Source "ChessBase"]
[SourceQuality "1"]
[TimeControl "5400+30"]

1. e4 e5 2. Nf3 Nc6 3. Bb5 Nge7 4. Nc3 Ng6 5. d4 exd4 6. Nxd4 Nxd4 7. Qxd4 c6 8. Be2 {[%emt 0:03:17] White is slightly better.} Qb6 9. Qd3 Be7 10. f4 (10. a3 $1 $14) 10... O-O $11 11. Be3 ({White should play} 11. Bd2 $11) 11... Qxb2 $15 12. O-O d5 13. exd5 Bf6 (13... Bf5 $5 14. Qxf5 Qxc3 $15) 14. Ne4 Bf5 {[%emt 0:01:20] [#] White must now prevent ...Bxe4.} 15. Nxf6+ (15. Rab1 $11 Bxe4 16. Qxe4 Qxa2 17. Bc4 (17. Rxb7 cxd5 18. Qd3 Rfc8 $17) (17. dxc6 Rae8 $11)) 15... Qxf6 16. Qd2 Rfd8 17. c4 cxd5 18. cxd5 Be4 19. Rad1 Nh4 20. g3 ({But not} 20. Bd4 Qg6 (20... Rxd5 $2 {loses.} 21. Bxf6 Rxd2 22. Rxd2 $18) 21. g3 Rxd5 $17) 20... Nf5 21. Bc4 Rac8 22. Bb3 Qg6 {[%emt 0:00:38][%cal Of5g3] [#] aiming for ...Nxg3! Black has more active pieces.} 23. Rf2 $2 {[%emt 0:08:02][%mdl 8192] White does not recover from this.} (23. Qe1 $17 {is a better chance.}) 23... h5 $19 {[%emt 0:01:23] And now ...h4 would win. Black is clearly winning.} 24. Kf1 h4 25. gxh4 Qg4 26. Bxa7 Qh3+ 27. Ke1 Re8 {[%emt 0:00:06] Weighted Error Value: White=0.65/Black=0.09 (flawless) .  Loses game:     	White=1     	---        Mistake:       	White=3     	---        Inaccurate:     	White=3     	Black=3      OK:         	White=4     	Black=6      Best:        	---       	Black=4} 0-1

[Event "1st Festival Galdar 2024"]
[Site "Galdar"]
[Date "2024.09.05"]
[Round "5.11"]
[White "Brito Garcia, Alfredo"]
[Black "Yankelevich, Lev"]
[Result "1/2-1/2"]
[Annotator "TA"]
[ECO "A04"]
[WhiteElo "2240"]
[BlackElo "2420"]
[PlyCount "43"]
[EventDate "2024.09.02"]
[EventType "swiss"]
[EventCountry "ESP"]
[SourceTitle "playchess.com"]
[Source "ChessBase"]
[SourceQuality "1"]
[TimeControl "5400+30"]

1. Nf3 c5 2. g3 Nc6 3. Bg2 e5 4. e4 g6 5. d3 Bg7 6. Be3 d6 7. c3 Nge7 8. O-O O-O 9. Qd2 Re8 10. Na3 b6 11. d4 exd4 {[%emt 0:02:43] The position is equal.} 12. cxd4 Bg4 13. Nc2 Qc8 14. b4 (14. d5 $14 Bxf3 15. Bxf3) 14... Bh3 (14... d5 $15 15. exd5 Nxd5) 15. Rad1 Bxg2 16. Kxg2 cxb4 17. Nxb4 Nxb4 18. Qxb4 d5 19. e5 Qa6 20. a4 Rac8 21. Qb5 Qb7 22. a5 {[%emt 0:00:35] Weighted Error Value: White=0.25 (precise) /Black=0.19 (very precise) .  Mistake:       	White=1     	Black=1      Inaccurate:     	White=4     	Black=5      OK:         	White=1     	Black=3      Best:        	---       	Black=1} 1/2-1/2

[Event "1st Festival Galdar 2024"]
[Site "Galdar"]
[Date "2024.09.05"]
[Round "5.12"]
[White "Moreno Diepa, Diego"]
[Black "Fiorito, Joaquin"]
[Result "1/2-1/2"]
[Annotator "TA"]
[ECO "B44"]
[WhiteElo "2168"]
[BlackElo "2402"]
[PlyCount "93"]
[EventDate "2024.09.02"]
[EventType "swiss"]
[EventCountry "ESP"]
[SourceTitle "playchess.com"]
[Source "ChessBase"]
[SourceQuality "1"]
[TimeControl "5400+30"]

1. e4 c5 2. Nf3 Nc6 3. d4 cxd4 4. Nxd4 e6 5. c4 Nf6 6. Nc3 Bb4 7. Nxc6 bxc6 8. Bd3 e5 9. O-O O-O 10. Bd2 Bc5 11. Qf3 d6 12. h3 Bd4 13. Rad1 Nd7 14. b3 Nc5 15. Bc2 Ne6 16. Qg3 Qe7 17. Kh1 Bxc3 18. Bxc3 c5 19. f4 {[%emt 0:20:51] [#] f5 would now be deadly.} f6 20. Qd3 Nd4 21. b4 Be6 22. Bb3 Kh8 23. Bxd4 cxd4 24. Rc1 a5 25. fxe5 dxe5 (25... fxe5 26. Rxf8+ Qxf8 27. c5 Bxb3 28. axb3 $11) 26. c5 (26. b5 $15 Qc5 27. Bd1) 26... axb4 27. Bd5 Bxd5 28. exd5 Qd7 (28... Rxa2 29. Qc4 Raa8 30. Rb1 $11) (28... Qf7 $15 29. d6 Rfd8) 29. Qc4 $11 Rfc8 30. c6 Qc7 (30... Qd6 $11 {and Black is okay.} 31. Qc5 Qxc5 32. Rxc5 Kg8) 31. Qxb4 $18 {[%emt 0:07:42] Threatens to win with d6.} Rd8 32. Qc5 (32. Rb1 $18 {and White stays clearly on top.}) 32... h6 $16 {[%emt 0:00:32][%cal Oa8a5] White must now prevent ...Ra5!} (32... Rxa2 $2 33. Ra1 Rxa1 34. Rxa1 $18) (32... Ra5 $2 33. d6 Rxd6 34. Qxd6 Qxd6 35. c7 $18) 33. Rb1 {[%emt 0:02:22] Hoping for Rb7.} Rac8 {[%emt 0:02:01] [#]} (33... Ra5 $16 {was necessary.} 34. Qc4 (34. Rb5 Rxb5 35. Qxb5 e4 $11) 34... e4 (34... Rdxd5 $2 35. Rb7 $18)) 34. Rfc1 $2 (34. Qc4 $1 $18) 34... d3 $11 {[%emt 0:02:00][%cal Bd4d3,Bd3d2][%mdl 32] The position is equal.} 35. Qc4 e4 36. Qxe4 d2 37. Rd1 Qa5 38. Rb7 Qxd5 (38... Qxa2 $2 {is the wrong capture.} 39. d6 Rg8 (39... Rxd6 $2 40. Qe7 $18) 40. d7 $18) 39. Qxd5 (39. Qg4 $5 Rg8 $8 (39... Rxc6 40. Qxg7#) 40. Rd7 Qxc6 41. R7xd2 $19) 39... Rxd5 {[%emt 0:00:04][%cal Bd8d5,Bd5e5,Be5e1][%mdl 4128] Endgame. KRR-KRR} 40. Rd7 Re5 {[%emt 0:00:40] aiming for ...Re1+.} 41. R1xd2 Rxc6 42. a4 Re1+ 43. Kh2 Ra6 44. Rb2 Re5 45. Rbb7 Rg5 46. Ra7 Rc6 {[%emt 0:00:14] Strongly threatening ...Rc2.} 47. Rdc7 {[%emt 0:03:09] Weighted Error Value: White=0.19 (very precise) /Black=0.15 (very precise) .  Loses game:     	---       	Black=1      Missed win:     	White=1     	---        Mistake:       	White=2     	Black=2      Inaccurate:     	White=1     	Black=2      OK:         	White=11    	Black=18     Best:        	White=1     	Black=3} 1/2-1/2

[Event "1st Festival Galdar 2024"]
[Site "Galdar"]
[Date "2024.09.05"]
[Round "5.13"]
[White "Cruz Alvarez de Ron, Dan"]
[Black "Balaji, Aaravamudhan"]
[Result "0-1"]
[Annotator "TA"]
[ECO "C78"]
[WhiteElo "2137"]
[BlackElo "2396"]
[PlyCount "52"]
[EventDate "2024.09.02"]
[EventType "swiss"]
[EventCountry "ESP"]
[SourceTitle "playchess.com"]
[Source "ChessBase"]
[SourceQuality "1"]
[TimeControl "5400+30"]

1. e4 e5 2. Nf3 Nc6 3. Bb5 a6 4. Ba4 Nf6 5. d3 b5 6. Bb3 Bc5 7. O-O d6 8. c3 h6 9. h3 O-O 10. a4 Rb8 11. axb5 {[%emt 0:00:16] The position is equal.} axb5 12. Re1 Bb6 13. Na3 Na5 14. Ba2 Bd7 15. b4 Nc6 16. Nc2 Ne7 17. Ne3 Ng6 18. Nf5 d5 19. Qc2 (19. Qd2 $5 Bxf5 20. exf5 $11) 19... Re8 20. c4 (20. Qd2 $11 {keeps the balance.} dxe4 21. dxe4) 20... bxc4 $17 21. dxc4 {[%emt 0:00:08] [#] Threatens to win with c5.} dxe4 22. N3h4 {[%emt 0:01:45][%mdl 8192] White does not recover from this.} (22. Nxh6+ $1 $15 gxh6 23. c5) 22... Nxh4 $19 23. Nxh4 Bd4 24. Rb1 g5 25. c5 gxh4 26. Qd2 Nh7 {[%emt 0:04:15] Weighted Error Value: White=0.42/Black=0.10 (very precise) .  Loses game:     	White=1     	---        Mistake:       	White=1     	---        Inaccurate:     	---       	Black=2      OK:         	White=4     	Black=7      Best:        	---       	Black=1} 0-1

[Event "1st Festival Galdar 2024"]
[Site "Galdar"]
[Date "2024.09.05"]
[Round "5.14"]
[White "Suarez Uriel, Adrian"]
[Black "Prudhvi Kumar V"]
[Result "1/2-1/2"]
[Annotator "RC"]
[ECO "B12"]
[WhiteElo "2383"]
[BlackElo "2214"]
[PlyCount "151"]
[EventDate "2024.09.02"]
[EventType "swiss"]
[EventCountry "ESP"]
[SourceTitle "playchess.com"]
[Source "ChessBase"]
[SourceQuality "1"]
[TimeControl "5400+30"]

1. e4 c6 2. d4 d5 3. e5 c5 4. Nf3 cxd4 5. Qxd4 Nc6 6. Qf4 e6 7. Nc3 Nb4 8. Qd2 Ne7 9. a3 Nbc6 10. Bd3 Ng6 11. Bxg6 hxg6 12. O-O Be7 13. b4 a6 14. Re1 Bd7 15. Bb2 Rc8 16. Ne2 Na7 17. Rac1 Ba4 18. h3 Nb5 19. Nf4 Rc4 20. g3 Qc7 21. c3 Kd8 22. Ng2 Kc8 23. Ne3 Rc6 24. c4 dxc4 25. Nxc4 Kb8 26. Qf4 Rc8 27. Nfd2 f5 28. h4 Qd8 29. Qe3 g5 30. hxg5 Bxg5 31. f4 Be7 32. Na5 Rxc1 33. Rxc1 Rxc1+ 34. Bxc1 Qd4 35. Qxd4 Nxd4 36. Bb2 Nb5 37. Kf2 Bd1 38. Nac4 Bh5 39. Nb3 Be8 40. Nba5 Kc7 41. Ke2 b6 42. Nb3 Na7 43. Bd4 Nc8 44. Ke3 g5 45. Nbd2 Bc6 46. Nb2 Bd5 47. Kd3 Kc6 48. Nf1 gxf4 49. gxf4 a5 50. Bc3 Be4+ 51. Kc4 b5+ 52. Kd4 a4 53. Ng3 Bd5 54. Ke3 Nb6 55. Bd4 Nc4+ 56. Nxc4 Bxc4 57. Nh5 Bh4 58. Bc5 Be1 59. Nf6 Bd5 60. Ng8 Bc4 61. Nf6 Bc3 62. Bd4 Be1 63. Bb2 Bd5 64. Bc1 Bh4 65. Ne8 Bd8 66. Bd2 Bb6+ 67. Kd3 Bc4+ 68. Kc3 Bf2 69. Nd6 Bf1 70. Ne8 Bc4 71. Bc1 Bg1 72. Nf6 Bf2 73. Bd2 Bf1 74. Kc2 Bc4 75. Kc3 Bf1 76. Bc1 1/2-1/2

[Event "1st Festival Galdar 2024"]
[Site "Galdar"]
[Date "2024.09.05"]
[Round "5.15"]
[White "Barlov, Dragan"]
[Black "Marrero Rodriguez, Jorge"]
[Result "1-0"]
[Annotator "TA"]
[ECO "C54"]
[WhiteElo "2375"]
[BlackElo "2169"]
[PlyCount "67"]
[EventDate "2024.09.02"]
[EventType "swiss"]
[EventCountry "ESP"]
[SourceTitle "playchess.com"]
[Source "ChessBase"]
[SourceQuality "1"]
[TimeControl "5400+30"]

1. e4 e5 2. Bc4 Nf6 3. d3 Bc5 4. Nf3 Nc6 5. O-O a6 6. c3 d6 7. Bb3 Ba7 8. Nbd2 O-O 9. h3 h6 10. Re1 Re8 11. Nf1 Be6 12. Bc2 d5 13. Qe2 Qd7 14. Ng3 {[%emt 0:00:55] The position is equal.} Rad8 15. Kh2 b5 {[%emt 0:07:14] Threatens to win with ...dxe4.} 16. Nh4 dxe4 17. dxe4 Bc4 $2 (17... Ne7 $11) 18. Qf3 $16 Bd3 {[%emt 0:00:23] [#]} (18... Ne7 $16) 19. Rd1 $2 ({White has to play} 19. Bb3 $1 $18 {Black must now prevent Ngf5.} Na5 20. Bxh6 Nxb3 21. axb3) 19... Nd4 $11 {[%emt 0:00:07] Repels Ngf5} 20. cxd4 Bxc2 21. Rd2 {[%emt 0:00:15] dxe5 is the strong threat.} Bxe4 $1 22. Nxe4 Nxe4 23. Qxe4 exd4 24. Qf3 Re1 {[%emt 0:03:01] [#]} (24... c5 $11) 25. Nf5 (25. b4 $1 $16) 25... Qd5 26. Qg4 g6 (26... Qe5+ $16 27. f4 Qf6) 27. Nxh6+ Kg7 {[%emt 0:00:17][%cal Oc7c5] ...c5! would now be deadly.} 28. Rd3 (28. Re2 $18 Rxe2 29. Qxe2) 28... Rde8 {[%emt 0:17:47][%mdl 8192] This move loses the game for Black.} ({Black should play} 28... Rxc1 $14 29. Rxc1 Kxh6) 29. Rf3 $18 {[%emt 0:00:38] White is clearly winning.} f6 30. Rg3 g5 31. Qh5 {[%emt 0:01:54][%cal Rc1g5] Bxg5! would kill now.} R8e5 32. Ng4 d3 33. Qh6+ Kf7 34. Qxf6+ {[%emt 0:00:27] Weighted Error Value: White=0.36/Black=0.74.  Loses game:     	---       	Black=1      Missed win:     	White=1     	---        Mistake:       	White=2     	Black=4      Inaccurate:     	---       	Black=1      OK:         	White=5     	Black=7      Best:        	White=3     	---        Strong:       	---       	Black=1} 1-0